 Dungeon Crawl Stone Soup version 0.29-a0-243-g602b31c20e (webtiles) character file.

Game seed: 10176128961326091094

95 gruber the Bolt Thrower (level 4, 0/26 HPs)
             Began as a Kobold Hunter on Mar 5, 2022.
             Succumbed to an adder's poison
             ... on level 3 of the Dungeon.
             The game lasted 00:01:10 (1727 turns).

gruber the Bolt Thrower (Kobold Hunter)             Turns: 1727, Time: 00:01:11

Health: 0/26       AC:  4    Str:  9    XL:     4   Next: 97%
Magic:  4/4        EV: 14    Int: 12    God:
Gold:   91         SH:  0    Dex: 17    Spells: 3/3 levels left

rFire   . . .      SeeInvis .   a - +1 hand crossbow
rCold   . . .      Faith    .   (no shield)
rNeg    . . .      Spirit   .   b - +0 leather armour
rPois   .          Reflect  .   (no helmet)
rElec   .          Harm     .   (no cloak)
rCorr   .          Rampage  .   e - +0 pair of gloves
Will    .....                   (no boots)
Stlth   +++.......              (no amulet)
HPRegen 0.08/turn               (no ring)
MPRegen 0.09/turn               (no ring)

@: lethally poisoned (0 -> -2)
A: small, no large weapons, nightstalker 3
a: no special abilities


You were on level 3 of the Dungeon.
You visited 1 branch of the dungeon, and saw 3 of its levels.

You collected 91 gold pieces.

Inventory:

Hand Weapons
 a - a +1 hand crossbow (weapon)
 g - a +2 dagger of venom
Armour
 b - a +0 leather armour (worn)
 e - a +0 pair of gloves (worn)
Scrolls
 c - 3 scrolls of identify {unknown}
 f - a scroll of fear {unknown}
 i - a scroll of teleportation {unknown}
Potions
 d - 2 potions of curing {unknown}
 h - a potion of lignification {unknown}
 j - a potion of might {unknown}


   Skills:
 - Level 2.1 Fighting
 + Level 7.8 Crossbows
 - Level 2.4 Dodging
 - Level 1.3 Stealth


You had 3 spell levels left.
You didn't know any spells.
Your spell library contained the following spells:

 Spells                   Type           Power      Damage    Failure   Level
 Sublimation of Blood     Necr           0%         N/A       56%         2
 Wereblood                Tmut           0%         N/A       56%         2
 Tukima's Dance           Hex            0%         N/A       80%         3
 Anguish                  Hex/Necr       0%         N/A       99%         4
 Enfeeble                 Hex            0%         N/A       100%        7
 Summon Hydra             Summ           0%         N/A       100%        7


Dungeon Overview and Level Annotations

Branches:
Dungeon (3/15)

Altars:


Innate Abilities, Weirdness & Mutations

You are small and have problems with some larger weapons.
You are completely attuned to the shadows.


Message History

The giant cockroach closely misses you.
Shoot: a) +1 hand crossbow
Press: ? - help, Q - select action Shift-Dir - straight line, f/p - adder
Aim: an adder (heavily wounded, 51% to hit)
You shoot a bolt. The bolt closely misses the adder.
You feel sick. The adder closely misses you.
The giant cockroach closely misses you.
Shoot: a) +1 hand crossbow
Press: ? - help, Q - select action Shift-Dir - straight line, f/p - adder
Aim: an adder (heavily wounded, 51% to hit)
You shoot a bolt. The bolt hits the adder.
The adder is severely wounded.
You feel sick. The adder closely misses you. The giant cockroach misses you.
The adder bites you.
* * * LOW HITPOINT WARNING * * *
You are more poisoned.
The adder poisons you!
Shoot: a) +1 hand crossbow
Press: ? - help, Q - select action Shift-Dir - straight line, f/p - adder
Aim: an adder (severely wounded, 51% to hit)
You shoot a bolt. The bolt hits the adder!
You kill the adder!
* * * LOW HITPOINT WARNING * * *
You feel sick. The giant cockroach bites you.
* * * LOW HITPOINT WARNING * * *
The giant cockroach bites you but does no damage.
Shoot: a) +1 hand crossbow
Press: ? - help, Q - select action Shift-Dir - straight line, f - giant cockroach
Aim: a giant cockroach (66% to hit)
You shoot a bolt.
The bolt barely misses the giant cockroach.
* * * LOW HITPOINT WARNING * * *
You feel sick. The giant cockroach bites you.
* * * LOW HITPOINT WARNING * * *
Shoot: a) +1 hand crossbow
Press: ? - help, Q - select action Shift-Dir - straight line, f/p - giant cockroach
Aim: a giant cockroach (66% to hit)
You shoot a bolt.
The bolt hits the giant cockroach but does no damage.
You die...

.........
#<.......
#.......>
#..B.:...
#...@....
#...<..[.
###.#####
..####..#
.......##
..##....###
#.##...## .#
#.####..####.#
#.# ##.......


You could see a giant cockroach.

Vanquished Creatures
  3 adders
  3 worms
  3 dart slugs (D:2)
  3 ball pythons
  6 bats
  5 endoplasms
  A giant cockroach (D:2)
  6 goblins (D:1)
  4 hobgoblins
  4 jackals (D:2)
  A quokka (D:1)
  5 frilled lizards
  2 kobolds (D:1)
  4 rats
50 creatures vanquished.

Vanquished Creatures (others)
  19 plants (D:2)
19 creatures vanquished.

Grand Total: 69 creatures vanquished

Notes
Turn   | Place    | Note
-------+----------+-------------------------------------------
     0 | D:1      | gruber the Kobold Hunter began the quest for the Orb.
     0 | D:1      | Reached XP level 1. HP: 12/12 MP: 1/1
   249 | D:1      | Reached XP level 2. HP: 17/17 MP: 2/2
   319 | D:1      | Reached skill level 6 in Crossbows
   598 | D:1      | Reached XP level 3. HP: 21/21 MP: 3/3
  1230 | D:2      | Reached skill level 7 in Crossbows
  1238 | D:2      | Reached XP level 4. HP: 26/26 MP: 4/4
  1726 | D:3      | HP: 1/26 [giant cockroach (1)]
  1727 | D:3      | Succumbed to an adder's poison

Illustrated notes

Levels and vault maps discovered:
D:1:      lightli_arrival_isolated_outpost, layout_basic
D:2:      layout_rooms, minmay_misc_feat_more_columns,
          chequers_serial_rivers_small_3, serial_bayou_lagoon_a
D:3:      layout_rooms, ebering_ghost_reflecting_pool, uniq_ijyb

Skill      XL: |  1  2  3 |
---------------+----------+-----
Crossbows      | 6 7 |  7.8
Fighting       | |  2.1
Dodging        | |  2.4
Stealth        | |  1.3

Action                   |  1- 3 |  4- 6 || total
-------------------------+-------+-------++-------
 Fire: Hand crossbow     |    80 |    61 ||   141
Armor: Leather armour    |     9 |    11 ||    20
Dodge: Dodged            |    31 |    42 ||    73

Table legend: (Time is in decaauts)
 A = Elapsed time spent in this place.
 B = Non-inter-level travel time spent in this place.
 C = Inter-level travel time spent in this place.
 D = Time resting spent in this place.
 E = Time spent auto-exploring this place.
 F = Levels seen in this place.
 G = Mean time per level.
                   A        B        C        D        E       F      G
               +--------+--------+--------+--------+--------+-----+--------+
         Total |   1780 |   1687 |     93 |      0 |   1431 |   3 |  593.3 |
       Dungeon |   1780 |   1687 |     93 |      0 |   1431 |   3 |  593.3 |
               +--------+--------+--------+--------+--------+-----+--------+

Top non-repeatable levels by time:
     D:1: 947 daAuts
     D:2: 783 daAuts
     D:3: 49 daAuts
